Map: Lightshade LE

Players

ByuN

  • Race: Terran Terran
  • Spawn Location: 5:00

Maru - Winner!

  • Race: Terran Terran
  • League: Master
  • Spawn Location: 11:00

Event: ASUS ROG Online 2020

VOD

Have the link to the VOD?

Description

Time

  • Played on: Nov. 29, 2020, 2:51 p.m.
  • Length: 11:22

All games in this series

Show
View Real Time Build Order
Export as new Build Order

ByuN Terran 

Build Orders:  

Get SALT Encoding   

  12  0:00  SCV  
  13  0:12  SCV  
  14  0:17  Supply Depot  
  14  0:24  SCV  
  15  0:38  SCV  
  15  0:40  Barracks  
  15  0:42  Refinery  
  16  0:50  SCV  
  16  0:54  Refinery  
  17  1:02  SCV  
  18  1:14  SCV  
  19  1:27  Orbital Command, Reaper  
  19  1:28  Supply Depot  
  20  1:41  Factory  
  20  1:52  SCV  
  21  1:59  Reaper  
  22  2:04  SCV  
  23  2:17  Command Center, SCV  
  24  2:28  Hellion  
  26  2:31  Reaper  
  26  2:32  Supply Depot  
  26  2:33  SCV  
  28  2:43  Starport  
  28  2:46  SCV  
  29  2:53  Hellion  
  29  2:58  SCV  
  32  3:04  Barracks Reactor  
  32  3:10  SCV  
  31  3:22  Starport Tech Lab, SCV  
  31  3:25  Factory Tech Lab  
  30  3:30  Orbital Command, Refinery  
  30  3:34  SCV  
  30  3:40  Marine x2  
  33  3:41  Raven  
  33  3:46  SCV  
  36  3:56  Cyclone, SCV  
  36  3:58  SCV, Marine x2  
  43  4:08  SCV  
  44  4:10  SCV  
  45  4:19  Supply Depot  
  45  4:23  SCV x2  
  49  4:30  Siege Tank  
  50  4:34  Starport Reactor  
  50  4:35  SCV x2  
  50  4:38  Barracks  
  51  4:40  Barracks  
  46  4:47  SCV x2  
  48  4:56  Stimpack, Marine  
  48  4:59  SCV x2  
  51  5:03  Supply Depot  
  51  5:06  Supply Depot  
  51  5:09  Siege Tank  
  54  5:19  Starport Reactor  
  54  5:24  Marine  
  54  5:25  SCV x2  
  57  5:35  Marine x4  
  58  5:37  SCV x2  
  58  5:42  Siege Tank  
  66  5:43  Supply Depot  
  66  5:44  Engineering Bay  
  66  5:49  SCV x2  
  68  5:52  Supply Depot  
  68  5:55  Marine x5  
  73  5:57  Medivac  
  73  6:00  Medivac  
  73  6:01  SCV x2  
  75  6:13  Engineering Bay, SCV x2  
  77  6:20  Marine x2  
  77  6:24  Marine  
  77  6:25  SCV x2  
  81  6:27  Marine  
  81  6:29  Marine  
  81  6:31  Medivac  
  86  6:36  Medivac  
  88  6:41  Marine  
  88  6:42  Marine x2  
  88  6:43  Combat Shield  
  88  6:44  Siege Tank  
  94  6:48  Terran Infantry Weapons Level 1  
  94  6:51  Supply Depot  
  94  6:53  Marine x2  
  94  6:56  SCV x2  
  90  7:05  Marine x3  
  93  7:11  Marine  
  93  7:12  Medivac  
  93  7:14  Terran Infantry Armor Level 1  
  93  7:15  Supply Depot  
  97  7:17  Marine  
  97  7:21  SCV x2  
  99  7:24  Refinery, Marine x2  
  99  7:25  Marine  
  99  7:28  Marine  
  102  7:36  Marine  
  102  7:37  Siege Tank  
  104  7:42  Marine x3  
  104  7:43  Supply Depot  
  105  7:46  Marine  
  105  7:47  SCV x2  
  108  7:53  Marine  
  109  8:00  Marine  
  109  8:04  Marine x3  
  113  8:06  Supply Depot  
  113  8:09  Siege Tank  
  113  8:11  Marine  
  117  8:17  Marine  
  93  8:22  Marine x3  
  88  8:29  Marine  
  89  8:35  Marine  
  89  8:39  Command Center  
  89  8:40  Marine  
  89  8:41  Siege Tank, Marine  
  90  8:47  Marine  
  90  8:48  Marine  
  92  8:50  SCV x2  
  92  8:52  Armory  
  92  8:53  Marine  
  95  8:57  Marine  
  95  8:59  Marine  
  97  9:05  Marine x2  
  97  9:08  SCV  
  97  9:09  SCV  
  101  9:11  Marine  
  101  9:14  Barracks  
  101  9:15  Marine  
  103  9:17  Barracks, Siege Tank, Marine  
  103  9:20  SCV  
  103  9:22  SCV  
  103  9:23  Orbital Command, Marine  
  110  9:30  Marine x2  
  112  9:32  Medivac  
  112  9:33  Marine  
  112  9:35  Marine  
  112  9:36  Medivac  
  119  9:38  SCV  
  119  9:41  Marine  
  119  9:48  Marine  
  119  9:50  SCV  
  119  9:51  Siege Tank  
  124  9:53  Orbital Command  
  124  10:06  Barracks Reactor x2  
  124  10:08  Marine x2  
  124  10:13  Marine  
  124  10:14  Marine x2  
  128  10:16  SCV x2  
  131  10:26  SCV  
  132  10:28  SCV x2  
  132  10:34  Marine x3  
  132  10:35  Supply Depot, Marine x2  
  139  10:54  Marine  
  139  10:55  Marine  
  139  10:56  Marine x3  
  125  11:01  Marine  
Show
View Real Time Build Order
Export as new Build Order

Maru Terran - Winner!

Build Orders:  

Get SALT Encoding   

  12  0:00  SCV  
  13  0:12  SCV  
  14  0:16  Supply Depot  
  14  0:24  SCV  
  15  0:38  Barracks, SCV  
  15  0:42  Refinery  
  16  0:50  SCV  
  17  0:58  Refinery  
  17  1:02  SCV  
  18  1:14  SCV  
  19  1:26  Orbital Command, Reaper  
  19  1:28  Supply Depot  
  20  1:46  Factory  
  20  1:52  SCV  
  21  1:58  Reaper  
  22  2:04  SCV  
  23  2:16  SCV  
  23  2:20  Command Center  
  24  2:28  SCV  
  24  2:35  Hellion  
  24  2:36  Reaper  
  27  2:40  Starport, SCV  
  28  2:46  Supply Depot  
  28  2:52  SCV  
  28  2:57  Hellion  
  31  3:08  Barracks Reactor, SCV  
  31  3:20  Hellion, SCV  
  31  3:26  Medivac  
  36  3:32  Refinery, SCV  
  37  3:37  Orbital Command  
  37  3:41  Hellion  
  37  3:44  SCV  
  40  3:49  Marine x2  
  40  3:52  Supply Depot  
  42  3:58  Starport Tech Lab  
  42  4:04  Factory Tech Lab, SCV x2  
  42  4:06  Marine  
  42  4:07  Marine  
  46  4:16  SCV x2  
  48  4:23  Raven  
  49  4:25  Siege Tank  
  49  4:27  Supply Depot  
  49  4:28  SCV x2  
  49  4:30  Marine x2  
  56  4:40  SCV  
  56  4:41  SCV  
  52  4:53  SCV x2  
  52  4:55  Command Center  
  52  4:58  Siege Tank  
  53  5:04  Marine x2  
  53  5:05  SCV x2  
  53  5:06  Raven  
  59  5:09  Refinery  
  59  5:13  Supply Depot  
  59  5:17  SCV x2  
  61  5:22  Barracks x2  
  61  5:27  Marine x2  
  63  5:29  SCV x2  
  63  5:32  Siege Tank  
  68  5:42  SCV x2  
  70  5:44  Engineering Bay x2  
  70  5:49  Raven  
  72  5:54  SCV  
  72  5:55  SCV  
  74  6:05  Marine  
  74  6:06  Siege Tank  
  74  6:09  Orbital Command  
  74  6:10  Terran Infantry Armor Level 1, Terran Infantry Weapons Level 1  
  78  6:11  Barracks Reactor  
  78  6:12  Barracks Reactor, SCV  
  78  6:14  Supply Depot  
  78  6:17  SCV  
  80  6:21  Supply Depot  
  80  6:24  SCV  
  81  6:26  Missile Turret  
  81  6:27  Missile Turret  
  81  6:31  SCV  
  82  6:37  SCV  
  83  6:41  Orbital Command  
  83  6:43  Stimpack, Siege Tank, Marine  
  83  6:46  SCV  
  88  6:49  Supply Depot, SCV  
  88  6:51  Viking x2  
  93  6:58  SCV  
  93  7:01  SCV  
  95  7:06  Sensor Tower  
  95  7:07  SCV  
  96  7:08  Marine x2  
  96  7:09  Marine  
  96  7:10  SCV  
  96  7:13  SCV  
  96  7:15  Supply Depot  
  101  7:19  SCV  
  101  7:22  SCV  
  103  7:25  SCV  
  103  7:26  Medivac x2  
  103  7:27  Siege Tank  
  111  7:31  SCV  
  111  7:34  SCV  
  113  7:37  SCV  
  113  7:40  Refinery x2  
  113  7:42  Supply Depot, Armory  
  113  7:43  SCV  
  115  7:44  Marine x2  
  115  7:46  SCV  
  115  7:49  SCV  
  119  7:51  Supply Depot  
  119  7:55  SCV  
  120  7:58  SCV  
  120  8:01  Barracks, Siege Tank  
  120  8:02  Barracks  
  124  8:17  Marine x3  
  124  8:18  Marine x2  
  122  8:20  SCV  
  122  8:21  SCV  
  122  8:22  Liberator  
  122  8:23  Combat Shield  
  118  8:33  Siege Tank  
  121  8:34  Marine  
  121  8:35  Marine x2  
  121  8:36  Marine x2  
  121  8:40  Terran Infantry Armor Level 2, Terran Infantry Weapons Level 2  
  126  8:44  SCV  
  127  8:49  Barracks Reactor  
  127  8:50  Barracks Reactor  
  127  8:51  Supply Depot  
  127  8:52  Marine x2  
  127  8:53  Marine x3  
  127  8:55  Terran Vehicle Weapons Level 1  
  132  9:10  Marine x3  
  132  9:11  Medivac x2, Marine x2  
  141  9:17  Supply Depot, Command Center  
  141  9:20  Supply Depot  
  141  9:21  Siege Tank  
  144  9:28  Marine x3  
  144  9:29  Factory, Marine x2  
  149  9:38  Marine x4  
  149  9:40  Supply Depot x2  
  149  9:43  Supply Depot  
  150  9:46  Marine x3  
  150  9:47  Marine  
  155  9:55  Sensor Tower, Siege Tank  
  155  9:57  Medivac x2  
  161  10:06  Barracks Reactor, Missile Turret  
  161  10:07  Missile Turret  
  161  10:11  Marine x5  
  161  10:12  Marine x2  
  161  10:13  Marine  
  169  10:19  Siege Tank  
  172  10:29  Siege Tank, Marine x4  
  172  10:33  Marine x4  
  183  10:41  Marine  
  184  10:46  Marine  
  184  10:47  Marine  
  186  10:51  Marine x2  
  186  10:52  Marine  
  186  10:53  Marine x3  
  186  10:55  Marine  
  158  10:59  Marine  
Tags
 
Add a new tag
Caveats
  • Supply blocks, unpowered buildings, or Contaminate may cause inaccurate times.
  • Supply counts are checked every 10 seconds.